 Dungeon Crawl Stone Soup version 0.22.0-27-ga576289 (webtiles) character file.

12080 shmeve the Blocker (level 11, -7/148 HPs)
             Began as a Minotaur Berserker on Aug 22, 2018.
             Was a Priest of Trog.
             Killed from afar by a deep elf mage (13 damage)
             ... with a bolt of cold
             ... on level 12 of the Dungeon.
             The game lasted 00:28:18 (13819 turns).

shmeve the Blocker (Minotaur Berserker)            Turns: 13819, Time: 00:28:19

Health: -7/148     AC: 12    Str: 29    XL:     11   Next: 57%
Magic:  10/10      EV: 10    Int:  4    God:    Trog [***...]
Gold:   427        SH:  6    Dex: 11    Spells: 10/10 levels left

rFire    . . .     SeeInvis .   n - +0 war axe
rCold    . . .     Gourm    .   a - +0 buckler
rNeg     . . .     Faith    .   e - +1 plate armour
rPois    .         Spirit   .   (helmet restricted)
rElec    .         Reflect  .   B - +0 cloak
rCorr    .         Harm     .   (no gloves)
MR       +....                  g - +0 pair of boots
Stlth    ..........             (no amulet)
HPRegen  0.34/turn              m - ring of stealth
MPRegen  0.12/turn              y - ring of protection from magic

@: berserking, corroded, very quick
A: retaliatory headbutt, horns 2
a: Berserk, Trog's Hand, Renounce Religion


You were on level 12 of the Dungeon.
You worshipped Trog.
Trog was most pleased with you.
You were hungry.

You visited 2 branches of the dungeon, and saw 13 of its levels.

You collected 520 gold pieces.
You spent 93 gold pieces at shops.

Inventory:

Hand Weapons
 n - a +0 war axe (weapon)
Missiles
 C - 5 tomahawks of returning (quivered)
 H - a throwing net
Armour
 a - a +0 buckler (worn)
 e - a +1 plate armour (worn)
 g - a +0 pair of boots (worn)
 B - a +0 cloak (worn)
Jewellery
 m - a ring of stealth (left hand)
 y - a ring of protection from magic (right hand)
Wands
 w - a wand of digging (8)
 F - a wand of flame (16)
 G - a wand of disintegration (16)
Scrolls
 b - 9 scrolls of teleportation
 d - 6 scrolls of enchant armour
 f - a scroll of amnesia {unknown}
 j - 15 scrolls of identify
 k - 7 scrolls of remove curse
 p - 3 scrolls of random uselessness {unknown}
 s - 4 scrolls of enchant weapon {unknown}
 t - 3 scrolls of magic mapping
 x - a scroll of fog {unknown}
 z - a scroll of noise {unknown}
 E - a scroll of blinking {unknown}
 I - a scroll of fear {unknown}
Potions
 h - 3 potions of flight {unknown}
 i - 5 potions of degeneration
 l - 4 potions of curing {unknown}
 o - a potion of magic {unknown}
 q - 2 potions of mutation {unknown}
 u - 4 potions of berserk rage {unknown}
 v - 3 potions of heal wounds {unknown}
 A - 2 potions of brilliance {unknown}
 D - 2 potions of haste {unknown}
Comestibles
 c - 18 rations
 r - 2 chunks of flesh


   Skills:
 * Level 10.1 Fighting
 * Level 10.2 Axes
 * Level 7.9 Throwing
 + Level 7.1 Armour
 + Level 6.4 Dodging
 * Level 11.6 Shields


You had 10 spell levels left.
You didn't know any spells.
Your spell library was empty.

Dungeon Overview and Level Annotations

Branches:
Dungeon (12/15)            Temple (1/1) D:6            Lair (0/6) D:11
    Orc (0/2) D:9

Altars:
Ashenzari
Cheibriados
Dithmenos
Elyvilon
Kikubaaqudgha
Makhleb
Nemelex Xobeh
Qazlal
Ru
Sif Muna
Trog
Uskayaw
Wu Jian
Yredelemnul

Shops:
D:7 *   D:9 ?

Annotations:
D:11 Sonja


Innate Abilities, Weirdness & Mutations

You reflexively headbutt those who attack you in melee.
You have a pair of horns on your head.


Message History

You hit the deep elf mage.
The brown ugly thing tentacle-slaps you!
* * * LOW HITPOINT WARNING * * *
You are splashed with acid!
The acid burns!
* * * LOW HITPOINT WARNING * * *
You block the deep elf mage's attack.
A red film seems to cover your vision as you go berserk!
You feel yourself moving faster!
You feel mighty!
You are feeling hungry.
The brown ugly thing tentacle-slaps you.
* * * LOW HITPOINT WARNING * * *
The acid corrodes you!
You are splashed with acid!
The acid burns!
* * * LOW HITPOINT WARNING * * *
Your plate armour prevents you from hitting the brown ugly thing.
Your headbutt misses the brown ugly thing.
The brown ugly thing is almost dead.
You closely miss the deep elf mage. The deep elf mage casts a spell at you.
The bolt of cold hits you!
You die...

#....#.###.##.######......
#....#..##........##......
#....#..##........##......
#....########.######......
#...#########.# #......
#...#....#....# #......
#...###'######### #......
#...............# #.....)
#.......#@......# #......
#.......#eu.....# #......
#.......#.......# #....<.
#.......#.......# #......
#.......#.......# #......
#.......#........ #......
#.......#........ #......
..../.... #...... #......


You could see a brown ugly thing and a deep elf mage.

Vanquished Creatures
  A hydra (D:11)
  Erolcha (D:11)
  Erica (D:11)
  A death knight (D:12)
  2 two-headed ogres
  Pikel (D:7)
  3 ugly things
  A cyclops (D:11)
  A manticore (D:11)
  3 trolls (D:10)
  A hippogriff (D:9)
  Eustachio (D:6)
  A hungry ghost (D:8)
  A water moccasin (D:5)
  2 orc warriors
  A slave (D:7)
  2 ice beasts
  4 sky beasts
  4 black bears
  6 ogres
  7 centaurs
  A big kobold (D:8)
  2 bullfrogs
  3 scorpions
  6 killer bees (D:4)
  2 electric eels (D:10)
  8 crimson imps
  A quasit (D:9)
  2 bullfrog zombies (D:7)
  A centaur zombie (D:8)
  Crazy Yiuf (D:7)
  2 jellies (D:8)
  A centaur skeleton (D:7)
  3 orc priests
  4 hounds
  2 orc wizards
  A bullfrog skeleton (D:11)
  Jessica (D:2)
  2 iguanas
  Natasha (thrice) (D:2)
  12 worker ants
  2 hound skeletons
  Robin (D:3)
  3 gnolls (D:8)
  16 adders
  A howler monkey skeleton (D:10)
  4 shadow imps
  An adder skeleton (D:8)
  An adder zombie (D:6)
  A worm (D:4)
  3 dart slugs
  7 leopard geckos
  37 orcs
  A ball python (D:3)
  6 bats
  7 giant cockroaches
  11 hobgoblins
  2 quokkas
  2 frilled lizards
  15 goblins
  6 kobolds
  A quokka zombie (D:9)
  4 rats (D:2)
235 creatures vanquished.

Vanquished Creatures (others)
  A slave (D:7)
  A plant (D:10)
2 creatures vanquished.

Grand Total: 237 creatures vanquished

Notes
Turn   | Place    | Note
-------+----------+-------------------------------------------
     0 | D:1      | shmeve the Minotaur Berserker began the quest for the Orb.
     0 | D:1      | Reached XP level 1. HP: 19/19 MP: 0/0
   257 | D:1      | Reached XP level 2. HP: 27/27 MP: 1/1
   786 | D:2      | Found a basalt altar of Yredelemnul.
   818 | D:2      | Noticed Jessica
   823 | D:2      | Killed Jessica
   823 | D:2      | Reached skill level 1 in Throwing
   823 | D:2      | Reached XP level 3. HP: 33/33 MP: 2/2
   840 | D:2      | Reached ** piety under Trog
   858 | D:2      | Noticed Natasha
   866 | D:2      | Killed Natasha
   866 | D:2      | Reached XP level 4. HP: 26/41 MP: 3/3
  1035 | D:2      | Found a sparkling altar of Nemelex Xobeh.
  1094 | D:2      | Noticed Natasha
  1100 | D:2      | Killed Natasha
  1239 | D:2      | Noticed Natasha
  1244 | D:2      | Killed Natasha
  1244 | D:2      | Reached XP level 5. HP: 47/47 MP: 4/4
  1324 | D:2      | Reached skill level 1 in Shields
  1596 | D:2      | Reached skill level 2 in Shields
  1646 | D:2      | Found a shattered altar of Ashenzari.
  1778 | D:3      | Found a shadowy altar of Dithmenos.
  1892 | D:3      | Noticed Robin
  1896 | D:3      | Reached skill level 3 in Shields
  1901 | D:3      | Reached *** piety under Trog
  1902 | D:3      | Killed Robin
  2051 | D:3      | Found a sacrificial altar of Ru.
  2057 | D:3      | Reached skill level 4 in Shields
  2057 | D:3      | Reached XP level 6. HP: 53/53 MP: 5/5
  2349 | D:4      | Reached skill level 5 in Shields
  2470 | D:4      | Reached skill level 6 in Shields
  2492 | D:4      | Reached XP level 7. HP: 14/60 MP: 6/6
  2493 | D:4      | Reached skill level 7 in Shields
  2534 | D:4      | HP: 3/60 [poisoned by a killer bee]
  3214 | D:4      | Reached skill level 8 in Shields
  3788 | D:5      | Entered Level 5 of the Dungeon
  3792 | D:5      | Reached skill level 9 in Shields
  3792 | D:5      | Reached XP level 8. HP: 67/67 MP: 7/7
  3801 | D:5      | Found a snail-covered altar of Cheibriados.
  4046 | D:5      | Found a stormy altar of Qazlal.
  4147 | D:5      | Reached skill level 10 in Shields
  4798 | D:6      | Noticed Eustachio
  4835 | D:6      | Killed Eustachio
  4835 | D:6      | Reached skill level 5 in Fighting
  4835 | D:6      | Reached skill level 5 in Axes
  5222 | D:6      | Found a staircase to the Ecumenical Temple.
  5232 | Temple   | Entered the Ecumenical Temple
  5665 | D:6      | Reached XP level 9. HP: 55/75 MP: 8/8
  5801 | D:6      | Found a hide-covered altar of Uskayaw.
  5801 | D:6      | Found an ancient bone altar of Kikubaaqudgha.
  5802 | D:6      | Found a deep blue altar of Sif Muna.
  5979 | D:7      | Reached **** piety under Trog
  6152 | D:7      | Noticed Pikel
  6171 | D:7      | Killed Pikel
  6290 | D:7      | Found Witosurgh's General Store.
  6378 | D:7      | Found a runed door.
  6382 | D:7      | Noticed Crazy Yiuf
  6385 | D:7      | Killed Crazy Yiuf
  6591 | D:8      | Found a bloodstained altar of Trog.
  6783 | D:8      | Found a deep blue altar of Sif Muna.
  6842 | D:8      | Reached skill level 5 in Throwing
  6964 | D:8      | Noticed a two-headed ogre
  6974 | D:8      | Killed a two-headed ogre
  6974 | D:8      | Reached skill level 5 in Armour
  6974 | D:8      | Reached XP level 10. HP: 46/88 MP: 9/9
  7365 | D:8      | Found a burning altar of Makhleb.
  7365 | D:8      | Found an ornate altar of the Wu Jian Council.
  7804 | D:9      | Reached skill level 5 in Dodging
  7807 | D:9      | Reached ***** piety under Trog
  7825 | D:9      | Received a gift from Trog
  8137 | D:9      | Found a staircase to the Orcish Mines.
  8636 | D:9      | Found Hoanotey's Magic Scroll Shop.
  8640 | D:9      | Bought a scroll of identify for 34 gold pieces
  8640 | D:9      | Bought a scroll of magic mapping for 59 gold pieces
  8761 | D:10     | Entered Level 10 of the Dungeon
  8878 | D:10     | Found a white marble altar of Elyvilon.
  9122 | D:10     | HP: 4/90 [electric eel/bolt of electricity (2)]
 10985 | D:11     | Noticed Erolcha
 10995 | D:11     | Killed Erolcha
 11023 | D:11     | Found a staircase to the Lair.
 11225 | D:11     | Noticed Erica
 11255 | D:11     | Killed Erica
 11255 | D:11     | Reached XP level 11. HP: 55/97 MP: 10/10
 11536 | D:11     | Noticed a five-headed hydra
 11546 | D:11     | Killed a seven-headed hydra
 11546 | D:11     | Reached skill level 11 in Shields
 11705 | D:11     | Noticed a cyan ugly thing
 11721 | D:11     | Killed a cyan ugly thing
 12362 | D:11     | Noticed a cyan ugly thing
 12376 | D:11     | Killed a cyan ugly thing
 12604 | D:11     | Noticed a two-headed ogre
 12611 | D:11     | Killed a two-headed ogre
 13081 | D:11     | Noticed Sonja
 13368 | D:12     | Reached skill level 10 in Axes
 13432 | D:12     | Noticed a death knight
 13447 | D:12     | Killed a death knight
 13447 | D:12     | Reached skill level 10 in Fighting
 13682 | D:12     | Noticed a purple ugly thing
 13697 | D:12     | Killed a purple ugly thing
 13798 | D:12     | Noticed a brown ugly thing
 13804 | D:12     | Noticed a deep elf mage
 13818 | D:12     | HP: 6/148 [acid (6)]
 13819 | D:12     | Killed from afar by a deep elf mage

Skill      XL: |  1  2  3  4  5  6  7  8  9 10 11 |
---------------+----------------------------------+-----
Fighting       | 4 5 7 9 10 | 10.1
Axes           | 4 5 7 9 10 | 10.2
Throwing       | 1 2 3 5 7 |  7.9
Armour         | 3 5 6 7 |  7.1
Shields        | 4 6 9 10 11 | 11.6
Dodging        | 3 4 5 6 |  6.4

Action                   |  1- 3 |  4- 6 |  7- 9 | 10-12 || total
-------------------------+-------+-------+-------+-------++-------
Melee: Hand axe          |    48 |     7 |       |       ||    55
       Headbutt          |     6 |    21 |    64 |    67 ||   158
       War axe           |       |   117 |   276 |   318 ||   711
Throw: Javelin           |       |     9 |     6 |    26 ||    41
       Tomahawk          |       |       |       |    49 ||    49
Invok: Berserk           |     2 |     1 |     4 |     8 ||    15
       Trog's Hand       |       |     1 |       |     6 ||     7
  Use: Potion            |       |       |       |     1 ||     1
       Scroll            |       |       |       |     3 ||     3
  Eat: Chunk             |     1 |     7 |    18 |    25 ||    51
       Ration            |       |       |     1 |     2 ||     3
Armor: Plate armour      |    35 |    80 |   170 |   162 ||   447
Dodge: Dodged            |    23 |    64 |    97 |   126 ||   310
Block: Buckler           |       |    17 |   108 |    98 ||   223
